 Dungeon Crawl Stone Soup version 0.28-a0-1493-g08698888e4 (webtiles) character file.

Game seed: 3805526111609924317

531163 freelancePsychic the Worldbinder (level 25, -15/252 HPs)
             Began as an Ogre Summoner on Jan 12, 2022.
             Was the Champion of Hepliaklqana.
             Killed from afar by an acid blob (19 damage)
             ... with a splash of acid
             ... on level 5 of the Realm of Zot.
             The game lasted 03:33:03 (63693 turns).

freelancePsychic the Worldbinder (Ogre Summoner)   Turns: 63693, Time: 03:33:04

Health: -15/252    AC:  2    Str: 22    XL:     25   Next: 64%
Magic:  50/50      EV: 15    Int: 33    God:    Hepliaklqana [******]
Gold:   5197       SH:  0    Dex:  5    Spells: 26/70 levels left

rFire   + + +      SeeInvis .   b - +3 Elemental Staff {rElec rF++ rC++ AC+5}
rCold   + + +      Faith    .   X - orb {guile}
rNeg    + . .      Spirit   .   D - +4 troll leather armour
rPois   +          Reflect  .   Y - +0 hat of the Butterfly {rPois rN+ Int+3 Dex-4}
rElec   +          Harm     .   V - scarf {rC+ rF+}
rCorr   .          Rampage  .   (gloves unavailable)
Will    .....                   (boots unavailable)
Stlth   +.........              v - amulet of magic regeneration
HPRegen 1.32/turn               J - +6 ring of intelligence
MPRegen 0.72/turn               E - ring "Xuva Woso" {+Blink rElec EV+4 Str+3}

@: corroded, slowed, studying Evocations, very slow
A: reduced essence, large, unfitting armour, tough skin 1
}: 3/15 runes: decaying, silver, gossamer
a: Renounce Religion, Evoke Blink, Recall Ancestor, Ancestor Identity,
Transference, Idealise


You were on level 5 of the Realm of Zot.
You worshipped Hepliaklqana.
Hepliaklqana was exalted by your worship.
You visited 10 branches of the dungeon, and saw 49 of its levels.
You visited the Abyss 3 times.
You visited 1 bazaar.
You also visited: Trove and Bailey.

You collected 7452 gold pieces.
You spent 2255 gold pieces at shops.

Inventory:

Hand Weapons
 b - the +3 Elemental Staff (weapon) {rElec rF++ rC++ AC+5}
   (You took it off an orc on level 5 of the Vaults)

   If the wielder is skilled in Evocations, they can discharge powerful blasts
   of elemental energy when striking with it.
   It enhances your fire, ice, earth and air magic.
   AC:        It affects your AC (+5).
   rF:        It greatly protects you from fire.
   rC:        It greatly protects you from cold.
   rElec:     It insulates you from electricity.
Missiles
 c - 32 boomerangs
 U - 4 throwing nets
Armour
 D - a +4 troll leather armour (worn)
 V - a scarf of resistance (worn)
 X - an orb of guile (worn)
 Y - the +0 hat of the Butterfly (worn) {rPois rN+ Int+3 Dex-4}
   (You acquired it on level 1 of the Spider Nest)

   Int:       It affects your intelligence (+3).
   Dex:       It affects your dexterity (-4).
   rPois:     It protects you from poison.
   rN:        It protects you from negative energy.
Magical Staves
 d - a staff of death
Jewellery
 g - the ring of Nunoll {rC+ Dex+6}
   (You found it on level 3 of the Depths)

   [ring of dexterity]

   Dex:       It affects your dexterity (+6).
   rC:        It protects you from cold.
 v - an amulet of magic regeneration (around neck)
 y - a ring of resist corrosion
 E - the ring "Xuva Woso" (right hand) {+Blink rElec EV+4 Str+3}
   (You found it on level 11 of the Dungeon)

   [ring of evasion]

   EV:        It affects your evasion (+4).
   Str:       It affects your strength (+3).
   rElec:     It insulates you from electricity.
   +Blink:    It lets you blink.
 J - a +6 ring of intelligence (left hand)
 K - a ring of wizardry
 M - the ring "Dybbo" {Fly Will+}
   (You found it on level 5 of the Vaults)

   [ring of flight]

   Fly:       It grants you flight.
   Will:      It increases your willpower.
 Z - a ring of see invisible
Wands
 h - a wand of iceblast (35)
 i - a wand of polymorph (26)
 r - a wand of paralysis (36)
 u - a wand of mindburst (45)
 w - a wand of charming (20)
 F - a wand of flame (33)
 G - a wand of digging (32)
Scrolls
 a - 3 scrolls of fear
 f - 3 scrolls of blinking
 j - a scroll of summoning
 n - a scroll of teleportation {@r4}
 o - 7 scrolls of immolation
 q - 3 scrolls of silence
 H - a scroll of brand weapon
 L - 3 scrolls of fog
 N - 26 scrolls of identify {@r1}
 O - 3 scrolls of holy word
 P - 2 scrolls of amnesia
 R - 6 scrolls of enchant weapon
 W - 3 scrolls of enchant armour
Potions
 e - a potion of resistance
 k - 6 potions of lignification
 l - 2 potions of heal wounds {@q2}
 m - 7 potions of attraction
 p - 15 potions of curing {@q1}
 s - 6 potions of degeneration
 t - 5 potions of cancellation
 x - 9 potions of invisibility
 z - 8 potions of might
 A - 8 potions of haste {@q3}
 B - 6 potions of magic
 C - 12 potions of flight
 I - 7 potions of mutation
 S - 4 potions of brilliance
 T - 11 potions of ambrosia
Miscellaneous
 Q - a condenser vane


   Skills:
 - Level 21.7 Fighting
 - Level 8.3 Staves
 - Level 10.8 Dodging
 - Level 1.4 Stealth
 - Level 1.7 Shields
 + Level 23.3 Spellcasting
 - Level 6.9 Hexes
 - Level 23.6 Summonings
 - Level 11.7 Necromancy
 - Level 9.9 Transmutations
 - Level 6.0 Air Magic
 - Level 10.0 Earth Magic
 - Level 4.6 Invocations
 - Level 6.3 Evocations


You had 26 spell levels left.
You knew the following spells:

 Your Spells              Type           Power      Damage    Failure   Level
a - Dispel Undead         Necr           86%        3d28      1%          4
b - Death Channel         Necr           43%        N/A       1%          6
c - Summon Guardian Gole  Hex/Summ       96%        N/A       0%          3
d - Summon Lightning Spi  Summ/Air       100%       N/A       1%          4
e - Anguish               Hex/Necr       39%        N/A       1%          4
f - Statue Form           Tmut/Erth      68%        N/A       2%          6
g - Haunt                 Necr/Summ      50%        N/A       1%          7
h - Dragon's Call         Summ           57%        N/A       5%          9
s - Summon Small Mammal   Summ           100%       N/A       0%          1

Your spell library contained the following spells:

 Spells                   Type           Power      Damage    Failure   Level
 Animate Skeleton         Necr           100%       N/A       0%          1
 Pain                     Necr           100%       1d9       0%          1
 Sandblast                Erth           100%       2d20      0%          1
 Call Imp                 Summ           100%       N/A       0%          2
 Call Canine Familiar     Summ           100%       N/A       0%          3
 Animate Armour           Summ/Erth      100%       N/A       0%          4
 Apportation              Tloc           76%        N/A       1%          1
 Magic Dart               Conj           100%       1d8       1%          1
 Sting                    Tmut/Pois      100%       1d8       1%          1
 Blink                    Tloc           76%        N/A       1%          2
 Corpse Rot               Necr/Air       100%       N/A       1%          2
 Ensorcelled Hibernation  Hex/Ice        100%       N/A       1%          2
 Passwall                 Tmut/Erth      85%        N/A       1%          2
 Poisonous Vapours        Pois/Air       100%       N/A       1%          2
 Static Discharge         Conj/Air       72%        N/A       1%          2
 Confusing Touch          Hex            71%        N/A       1%          3
 Dazzling Flash           Conj/Hex       100%       N/A       1%          3
 Ignite Poison            Fire/Tmut/Pois 74%        N/A       1%          3
 Inner Flame              Hex/Fire       75%        N/A       1%          3
 Mephitic Cloud           Conj/Pois/Air  67%        N/A       1%          3
 Spider Form              Tmut/Pois      64%        N/A       1%          3
 Stone Arrow              Conj/Erth      100%       3d13      1%          3
 Swiftness                Air            87%        N/A       1%          3
 Vampiric Draining        Necr           86%        2d12      1%          3
 Airstrike                Air            43%        N/A       1%          4
 Animate Dead             Necr           43%        N/A       1%          4
 Cause Fear               Hex            35%        N/A       1%          4
 Fulminant Prism          Conj/Hex       28%        3d14      1%          4
 Ice Form                 Ice/Tmut       82%        N/A       1%          4
 Leda's Liquefaction      Hex/Erth       48%        N/A       1%          4
 Petrify                  Tmut/Erth      100%       N/A       1%          4
 Summon Ice Beast         Ice/Summ       100%       N/A       1%          4
 Agony                    Necr           86%        N/A       1%          5
 Blade Hands              Tmut           40%        N/A       1%          5
 Excruciating Wounds      Necr           43%        N/A       1%          5
 Lee's Rapid Deconstruct  Erth           51%        3d25*     1%          5
 Silence                  Hex/Air        44%        N/A       1%          5
 Summon Mana Viper        Hex/Summ       96%        N/A       1%          5
 Yara's Violent Unravell  Hex/Tmut       38%        3d15      1%          5
 Monstrous Menagerie      Summ           57%        N/A       1%          7
 Summon Horrible Things   Summ           57%        N/A       1%          8
 Conjure Flame            Conj/Fire      55%        6-21      2%          3
 Frozen Ramparts          Ice            100%       1d12      2%          3
 Metabolic Englaciation   Hex/Ice        37%        N/A       5%          5
 Malign Gateway           Summ/Tloc      43%        N/A       5%          7
 Spellforged Servitor     Conj/Summ      43%        N/A       5%          7
 Lightning Bolt           Conj/Air       36%        1d54      7%          5
 Flame Wave               Conj/Fire      55%        2d9       9%          4
 Hailstorm                Conj/Ice       55%        3d12      9%          4
 Iskenderun's Mystic Bla  Conj/Tloc      38%        2d9       9%          4
 Passage of Golubria      Tloc           38%        N/A       9%          4
 Sticky Flame             Conj/Fire      55%        2d7       9%          4
 Freezing Cloud           Conj/Ice/Air   43%        6-21      10%         5
 Simulacrum               Ice/Necr       43%        N/A       12%         6
 Dragon Form              Tmut           40%        N/A       12%         7
 Iron Shot                Conj/Erth      41%        9d8       16%         6
 Fireball                 Conj/Fire      27%        3d12      22%         5
 Manifold Assault         Tloc           38%        N/A       22%         5
 Storm Form               Tmut/Air       47%        N/A       26%         7
 Enfeeble                 Hex            35%        N/A       38%         7
 Borgnjor's Revivificati  Necr           43%        N/A       41%         8
 Infestation              Necr           43%        N/A       41%         8
 Necromutation            Tmut/Necr      42%        N/A       54%         8
 Dispersal                Tloc           19%        N/A       77%         6
 Discord                  Hex            35%        N/A       97%         8
 Maxwell's Capacitive Co  Air            43%        ∞         99%         8
 Disjunction              Tloc           19%        N/A       100%        8
 Lehudib's Crystal Spear  Conj/Erth      41%        10d10     100%        8
 Death's Door             Necr           43%        N/A       100%        9


Dungeon Overview and Level Annotations

Branches:
Dungeon (15/15)            Temple (1/1) D:6            Lair (6/6) D:11
  Swamp (4/4) Lair:4       Spider (4/4) Lair:2        Slime (0/5) Lair:6
    Orc (2/2) D:9             Elf (3/3) Orc:2        Vaults (5/5) D:13
  Crypt (0/3) Vaults:3     Depths (4/4) D:15            Zot (5/5) Depths:4
 Bailey (visited)

Altars:
Ashenzari
Cheibriados
Dithmenos
Elyvilon
Fedhas
Gozag
Hepliaklqana
Kikubaaqudgha
Makhleb
Nemelex Xobeh
Okawaru
Qazlal
Ru
Sif Muna
Trog
Uskayaw
Vehumet
Wu Jian
Xom
Yredelemnul
Zin
The Shining One
Jiyva

Shops:
D:2 (   D:3 *   Orc:1 ((   Orc:2 !*[?   Elf:3 [   Vaults:2 *   Vaults:3 (
Depths:1 [(![?   Depths:2 *

Portals:
Hell: Depths:1 Depths:2 Depths:3 Depths:4
Abyss: Depths:2 Depths:3 Depths:4
Pandemonium: Depths:1 Depths:2
Ziggurat: Depths:4

Annotations:
D:12 3 runed translucent doors, bearfacebrad's ghost, adept HuFi
D:13 1 transporter
Zot:4 exclusion: 3 oklob plants


Innate Abilities, Weirdness & Mutations

Your life essence is reduced to manifest your ancestor. (-10% HP)
You are too large for most types of armour.
You have tough skin. (AC +1)


Message History

Unknown command.
As you read the scroll of summoning, it crumbles to dust.
Wisps of shadow whirl around you... The death cob hits you!
The electric golem hits you. The electric golem shocks you. You resist.
The electric golem completely misses you.
The electric golem hits you but does no damage.
The electric golem hits you! The death cob hits you!! The death cob hits you.
The death cob drains your vigour!
You feel as though you will be slow longer.
The acid blob spits acid at you. The splash of acid hits you!!
The acid corrodes you!
The electric golem hurls lightning at you.
The bolt of lightning hits you! You resist.
* * * LOW HITPOINT WARNING * * *
The acid blob hits you.
* * * LOW HITPOINT WARNING * * *
You are splashed with acid!
* * * LOW HITPOINT WARNING * * *
Onion gestures wildly while chanting.
Onion seems to speed up.
The acid blob hits you!
* * * LOW HITPOINT WARNING * * *
You are splashed with acid!
* * * LOW HITPOINT WARNING * * *
The death cob hits you.
* * * LOW HITPOINT WARNING * * *
The electric golem barely misses you. The electric golem hits you.
* * * LOW HITPOINT WARNING * * *
The electric golem shocks you. You resist.
* * * LOW HITPOINT WARNING * * *
The electric golem hits you.
* * * LOW HITPOINT WARNING * * *
The electric golem hits you.
* * * LOW HITPOINT WARNING * * *
Blink to where?
Press: ? - help, Dir - move target
As you read the scroll of blinking, it crumbles to dust.
The acid blob spits acid at you. The splash of acid hits you!!
You die...

## ####### #... #.[...# #...#
#.<).)# #...# #..[.)# #⌠..#
#....@# #...###...[.# #
#...........# #. #...........#
..##..^........#
.....#...JJ9####
##..##.#..(..z################
.......)...yR.'†..............
....##.#.....d######....#####


You could see the friendly Onion the knight (fast), an electric golem, 2 acid
blobs, a death cob (ally target) and a friendly moth of wrath (summoned).

Vanquished Creatures
  A tentacled starspawn (Abyss:2)
  A shadow dragon (Zot:1)
  A revenant (Abyss:2)
  A frost giant (Vaults:5)
  2 spectral caustic shrikes (Depths:1)
  The ghost of Feimod the Imperceptible, an adept SpEn of Vehumet (Swamp:4)
  A nameless horror (Elf:3)
  The ghost of DrKleor the Fighter, a journeyman DsFi of Okawaru (Orc:1)
  A boulder beetle (D:13)
  An iron troll (Depths:2)
  A steelbarb worm (Spider:3)
  A skeletal warrior (D:15)
  A swamp dragon (Swamp:3)
  2 bog bodies
  A deep elf pyromancer (Elf:1)
  An ugly thing (D:14)
  An elephant (Lair:4)
  A centaur zombie (D:11)
  A komodo dragon (D:11)
  A freezing wraith (D:15)
  A spark wasp simulacrum (Depths:2)
  A yaktaur (shapeshifter) (Elf:1)
  A bunyip simulacrum (Swamp:2)
  A polar bear (Lair:6)
  A tarantella (Spider:1)
  3 blink frogs
  A slime creature (D:12)
  6 large abominations (Abyss:2)
  2 ynoxinuls (Abyss:2)
  A shadow (Abyss:2)
  2 wraiths (Abyss:2)
  3 yaks
  A human (D:13)
  A basilisk (D:12)
  2 chaos spawn (Abyss:2)
  3 vampire mosquitoes (Swamp:2)
  A fire elemental (Elf:2)
  2 redbacks
  A spriggan simulacrum (Depths:2)
  A swamp worm (Swamp:4)
  3 water moccasins
  A hell hound (Orc:2)
  2 ice beasts
  2 swamp drakes (Swamp:2)
  2 centaurs
  An ogre (Orc:2)
  2 bullfrogs
  A scorpion (D:4)
  4 small abominations (Abyss:2)
  A killer bee (D:8)
  A howler monkey (D:9)
  A quasit (Abyss:2)
  3 hounds
  A jelly (D:6)
  3 orc priests
  2 iguanas
  A howler monkey zombie (D:8)
  2 gnolls
  2 adders (D:4)
  A worm (D:3)
  8 orcs
  2 ball pythons
  4 bats
  3 endoplasms
  2 goblins
  2 hobgoblins
  A jackal (D:1)
  3 kobolds
  4 frilled lizards
  A rat (D:3)
123 creatures vanquished.

Vanquished Creatures (collateral kills)
  2 dread liches (Vaults:5)
  An ancient lich (Vaults:5)
  Mara (Vaults:5)
  3 juggernauts (Depths:3)
  2 curse toes (Zot:5)
  Saint Roka (Vaults:5)
  9 golden dragons
  An electric golem (Zot:2)
  A bone dragon (Depths:4)
  2 tentacled monstrosities (Zot:1)
  3 titans
  2 walking earthen tomes
  A quicksilver dragon (Zot:3)
  4 liches
  Asterion (Elf:1)
  2 deep elf blademasters
  A tentacled starspawn (Abyss:2)
  2 death cobs
  5 sphinxes
  2 deep elf master archers (Elf:3)
  2 tengu reavers (Vaults:5)
  Gastronok (Lair:2)
  A draconian monk (Zot:3)
  A thorn hunter (Swamp:1)
  8 shadow dragons
  7 storm dragons
  A fenstrider witch (Swamp:2)
  2 draconian knights
  2 fire giants
  7 deep elf sorcerers
  4 frost giants (Depths:2)
  An iron dragon (Depths:4)
  An emperor scorpion (Spider:4)
  5 vault wardens
  4 ghost moths
  A cacodemon (Abyss:2)
  A spectral caustic shrike (Depths:1)
  2 draconian shifters
  3 deep elf elementalists
  A balrug (Abyss:2)
  2 draconian stormcallers
  12 very ugly things
  A spriggan defender (Depths:2)
  A caustic shrike skeleton (Depths:2)
  3 draconian annihilators (Zot:3)
  A juggernaut skeleton (Depths:2)
  20 ironbound preservers
  A broodmother (Spider:2)
  3 ironbound thunderhulks
  7 stone giants
  A vampire knight (Depths:2)
  6 green draconians (Zot:3)
  3 eleionomae
  2 bunyips
  6 black draconians
  7 deep elf demonologists
  2 dire elephants
  6 white draconians
  2 yellow draconians
  4 purple draconians
  An entropy weaver (Vaults:5)
  4 deep elf annihilators (Elf:3)
  4 red draconians
  Azrael (Orc:2)
  4 spark wasps
  4 ettins
  2 crystal guardians (Vaults:4)
  5 deep elf death magi
  2 yaktaur captains
  16 vault guards
  4 ice dragons
  6 great orbs of eyes
  A jorogumo (Spider:2)
  5 deep elf high priests
  A rakshasa (Depths:2)
  3 peacekeepers (Vaults:4)
  5 hydras
  A boulder beetle (shapeshifter) (Vaults:5)
  2 radroaches
  4 spriggan air magi
  4 ogre magi
  2 catoblepae
  2 centaur warriors (D:13)
  3 alligators
  A deep troll shaman (Depths:4)
  24 dancing weapons
  2 tengu warriors (Depths:3)
  6 two-headed ogres
  A satyr (shapeshifter) (Vaults:5)
  4 orc high priests
  6 death yaks
  4 deep troll earth magi
  4 spriggan berserkers
  5 thrashing horrors (Abyss:2)
  3 sun demons (Abyss:2)
  8 wretched stars (Abyss:2)
  9 deep elf knights
  2 skeletal warriors (D:15)
  5 hell knights
  2 pharaoh ants
  4 goliath frogs
  A spatial maelstrom (Abyss:2)
  A steelbarb worm (Spider:1)
  A golden dragon zombie (Depths:2)
  7 orb spiders
  4 starcursed masses (Abyss:2)
  A spriggan druid (Swamp:4)
  5 swamp dragons
  38 deep trolls
  4 glowing orange brains
  12 ironbound convokers
  4 deep elf archers (Elf:2)
  A harpy (Vaults:1)
  7 wizards
  2 orc knights
  18 deep elf pyromancers
  5 lindwurms
  3 phantasmal warriors
  9 deep elf zephyrmancers
  4 necromancers
  A stone giant zombie (Depths:2)
  A frost giant zombie (Depths:2)
  3 orc sorcerers
  4 will-o-the-wisps
  13 moths of wrath
  2 worldbinders (Abyss:2)
  23 ugly things
  4 cyclopes
  23 large abominations
  17 wolf spiders
  2 manticores
  2 salamanders (Depths:1)
  An elephant (shapeshifter) (Vaults:5)
  A fire giant skeleton (Depths:2)
  An elephant (Lair:4)
  3 black mambas
  An apocalypse crab (Abyss:2)
  A titan simulacrum (Vaults:2)
  A guardian serpent (shapeshifter) (Abyss:2)
  5 torpor snails
  11 vault sentinels
  An eye of devastation (Abyss:2)
  5 cane toads
  A kobold demonologist (D:11)
  4 unseen horrors
  8 yaktaurs
  3 rime drakes
  4 demonic crawlers
  5 komodo dragons
  A tengu conjurer (Depths:1)
  A freezing wraith (D:14)
  A guardian mummy (Vaults:4)
  A hydra zombie (Swamp:2)
  4 ancient zymes (Abyss:2)
  A queen bee (shapeshifter) (Abyss:2)
  A polar bear (Lair:6)
  A troll (D:10)
  2 meliai
  10 hornets
  A meliai (shapeshifter) (D:15)
  13 tarantellas
  7 tyrant leeches
  A blink frog (shapeshifter) (Depths:3)
  13 blink frogs
  A stone giant simulacrum (Depths:2)
  A dream sheep (Lair:6)
  3 raiju (Abyss:2)
  An alligator zombie (Swamp:2)
  28 slime creatures
  11 small abominations
  A water elemental (Depths:1)
  7 spriggans
  14 jumping spiders
  3 air elementals
  8 culicivoras
  4 ynoxinuls (Abyss:2)
  A vampire (D:11)
  3 basilisks
  2 wraiths (D:12)
  A wyvern (Lair:6)
  31 yaks
  A fire bat (Abyss:2)
  14 humans (D:13)
  5 neqoxecs (Abyss:2)
  4 fire elementals
  53 redbacks
  A steam dragon (Bailey)
  8 swamp worms
  A chaos spawn (Abyss:2)
  19 vampire mosquitoes
  12 water moccasins
  A hell hound (Orc:2)
  4 acid dragons
  4 swamp drakes
  10 orc warriors
  2 floating eyes (Depths:3)
  An ice beast (Vaults:3)
  A necrophage (D:6)
  A black bear (Lair:1)
  7 ogres
  8 wolves
  16 centaurs
  2 kobold brigands (D:7)
  A bullfrog (shapeshifter) (Vaults:5)
  2 bullfrogs
  A scorpion (D:4)
  An earth elemental (Elf:1)
  2 killer bees
  5 wights
  5 howler monkeys
  2 electric eels
  A lava snake (D:15)
  2 quasits (Abyss:2)
  5 centaur zombies
  7 orc priests
  A gnoll shaman (D:7)
  6 jellies
  A bullfrog skeleton (D:7)
  A centaur skeleton (D:7)
  15 orc wizards
  8 iguanas
  3 hell rats (Lair:6)
  2 hound skeletons (D:4)
  3 gnolls (D:7)
  7 adders
  2 shadow imps
  5 white imps
  4 nameless horrors
  4 worms
  37 orcs
  2 bats (D:1)
  4 endoplasms
  2 giant cockroaches (D:1)
  10 hobgoblins
  6 jackals
  A quokka (D:4)
  2 ball pythons
  12 frilled lizards
  4 goblins
  8 kobolds
  2 rats (D:1)
  4 starspawn tentacles (Abyss:2)
1188 creatures vanquished.

Vanquished Creatures (others)
  Sojobo (Vaults:5)
  Frederick (Vaults:5)
  A Killer Klown (Zot:3)
  Bai Suzhen (Vaults:2)
  the Lernaean hydra (Swamp:4)
  4 golden dragons
  Jorgrun (Elf:1)
  2 tentacled monstrosities
  2 quicksilver dragons
  2 deep elf blademasters (Elf:3)
  2 deep elf master archers (Elf:3)
  2 titans (Vaults:5)
  3 sphinxes
  A tentacled starspawn (Abyss:2)
  6 tengu reavers
  3 death cobs
  4 shadow dragons
  A thorn hunter (Swamp:4)
  3 storm dragons
  An iron dragon (Vaults:5)
  4 fire giants
  4 deep elf sorcerers
  2 draconian scorchers (Zot:3)
  2 frost giants
  2 orc warlords (Vaults:2)
  12 vault wardens
  2 ghost moths (Spider:4)
  5 draconian knights
  7 emperor scorpions
  A draconian shifter (Depths:4)
  6 draconian stormcallers
  3 ironbound preservers
  A draconian annihilator (Zot:3)
  3 green draconians
  2 ironbound thunderhulks
  6 war gargoyles
  7 very ugly things
  2 broodmothers
  An eleionoma (Swamp:1)
  4 black draconians
  2 white draconians
  A deep elf demonologist (Elf:3)
  A purple draconian (Zot:3)
  4 stone giants
  An entropy weaver (Vaults:4)
  3 yellow draconians
  3 deep elf annihilators (Elf:3)
  4 bunyips
  2 red draconians
  Snorg (D:12)
  3 spark wasps
  4 ettins
  A shambling mangrove (Swamp:3)
  4 yaktaur captains
  17 vault guards
  2 deep elf high priests
  16 hydras
  2 centaur warriors
  An anaconda (Swamp:4)
  A jorogumo (shapeshifter) (Elf:2)
  A jorogumo (Spider:1)
  Erolcha (D:12)
  5 ice dragons
  8 boulder beetles
  A catoblepas (Lair:6)
  4 ironbound frosthearts
  An ogre mage (D:15)
  A death knight (D:15)
  9 two-headed ogres
  7 alligators
  A deep troll earth mage (Depths:2)
  15 death yaks
  5 thrashing horrors (Abyss:2)
  A shock serpent (shapeshifter) (D:14)
  A spriggan berserker (Depths:4)
  5 deep elf knights
  Sonja (Lair:4)
  4 pharaoh ants
  A sixfirhy (Abyss:2)
  An iron troll (Depths:1)
  3 steelbarb worms
  5 swamp dragons
  A goliath frog (Swamp:2)
  2 skeletal warriors (D:15)
  32 deep trolls
  3 orb spiders
  2 spriggan druids
  3 deep elf archers
  A flayed ghost (Depths:4)
  A bog body (Swamp:2)
  7 lindwurms
  3 wizards
  A phantasmal warrior (Vaults:5)
  3 orc knights (Orc:2)
  6 ironbound convokers
  15 ugly things
  A necromancer (Vaults:5)
  10 deep elf pyromancers
  14 deep elf zephyrmancers
  5 wolf spiders
  3 harpies (Vaults:1)
  A will-o-the-wisp (Swamp:2)
  2 orc sorcerers (Orc:2)
  2 manticores
  3 cyclopes
  A moth of wrath (Zot:3)
  7 vault sentinels
  An elephant (Lair:4)
  A molten gargoyle (D:15)
  An apocalypse crab (Abyss:2)
  5 black mambas
  Maggie (Lair:1)
  6 cane toads
  2 smoke demons (Abyss:2)
  3 torpor snails
  A hellion (Abyss:2)
  A tormentor (Abyss:2)
  17 yaktaurs
  A demonic crawler (Spider:3)
  10 komodo dragons
  5 rime drakes
  An efreet (D:13)
  A red devil (Depths:1)
  2 bloated husks
  10 meliai
  4 tyrant leeches
  4 trolls
  12 tarantellas
  12 hornets
  Grinder (D:5)
  5 polar bears
  A dream sheep (Lair:6)
  A slime creature (D:12)
  A raiju (Abyss:2)
  15 blink frogs
  7 jumping spiders
  A shadow (D:12)
  8 culicivoras
  14 yaks
  A ynoxinul (Abyss:2)
  5 spriggans
  3 wyverns
  A steam dragon (D:8)
  4 basilisks
  6 vampire mosquitoes
  8 humans (D:13)
  20 redbacks
  6 swamp worms
  A warg (Orc:1)
  4 water moccasins
  3 hell hounds (Orc:2)
  A nameless horror (D:7)
  4 orc warriors (Orc:2)
  A swamp drake (Swamp:4)
  5 ogres
  5 wolves
  5 centaurs
  A bullfrog (D:9)
  A gnoll sergeant (D:7)
  9 wights
  A swamp dragon simulacrum (Swamp:2)
  4 killer bees (D:8)
  A howler monkey (D:9)
  3 electric eels
  4 orc priests
  6 iguanas
  An orc wizard (Orc:2)
  3 ancestors
  23 knights
  3 hell rats (Lair:6)
  3 gnolls (D:7)
  A white imp (Abyss:2)
  2 worms (Spider:2)
  5 orcs
  2 frilled lizards (Lair:2)
  A briar patch (Swamp:4)
  16 foxfires
  36 fungi
  54 plants
  13 starspawn tentacles (Abyss:2)
832 creatures vanquished.

Grand Total: 2143 creatures vanquished

Notes
Turn   | Place    | Note
-------+----------+-------------------------------------------
     0 | D:1      | freelancePsychic the Ogre Summoner began the quest for the
                  | Orb.
     0 | D:1      | Reached XP level 1. HP: 16/16 MP: 3/3
   467 | D:1      | Reached XP level 2. HP: 25/26 MP: 2/5
  1211 | D:2      | Reached XP level 3. HP: 30/32 MP: 4/7
  1244 | D:2      | Found Opereodu's Weapon Shoppe.
  1380 | D:2      | Learned a level 3 spell: Call Canine Familiar
  1940 | D:2      | Identified the +0 chain mail "Kollony" {Rampage rC+ Int+2}
  1991 | D:2      | Reached XP level 4. HP: 40/40 MP: 3/8
  3057 | D:3      | Found Istranni's General Store.
  3060 | D:3      | Bought a scroll of identify for 20 gold pieces
  3061 | D:3      | Bought a +0 broad axe for 40 gold pieces
  3131 | D:3      | Noticed an ogre
  3144 | D:3      | Learned a level 3 spell: Summon Guardian Golem
  3150 | D:3      | Killed an ogre
  3151 | D:3      | Reached skill level 1 in Hexes
  3151 | D:3      | Reached skill level 5 in Summonings
  3151 | D:3      | Reached XP level 5. HP: 46/46 MP: 6/10
  3820 | D:4      | Reached XP level 6. HP: 54/54 MP: 3/12
  4027 | D:4      | Reached skill level 1 in Fighting
  4212 | D:4      | Reached skill level 1 in Air Magic
  4297 | D:4      | Reached XP level 7. HP: 39/65 MP: 5/13
  4798 | D:4      | Learned a level 4 spell: Summon Lightning Spire
  5174 | D:5      | Entered Level 5 of the Dungeon
  5537 | D:5      | Noticed Grinder
  5537 | D:5      | Paralysed by Grinder for 7 turns
  5631 | D:5      | Killed Grinder
  5632 | D:5      | Reached skill level 5 in Spellcasting
  5903 | D:5      | Noticed a nameless horror
  6240 | D:6      | Reached XP level 8. HP: 66/78 MP: 9/15
  6295 | D:6      | Found a staircase to the Ecumenical Temple.
  6310 | Temple   | Entered the Ecumenical Temple
  6407 | Temple   | Became a worshipper of Hepliaklqana the Forgotten
  7362 | D:6      | Reached skill level 5 in Fighting
  7643 | D:6      | Reached XP level 9. HP: 65/88 MP: 1/18
  9776 | D:7      | Reached skill level 5 in Air Magic
 10428 | D:7      | Reached * piety under Hepliaklqana
 10996 | D:8      | Reached XP level 10. HP: 82/93 MP: 18/21
 11168 | D:8      | Found a flagged portal.
 11305 | Bailey   | Entered a bailey
 11559 | Bailey   | Noticed a two-headed ogre
 11569 | Bailey   | Killed a two-headed ogre
 12583 | D:9      | Reached ** piety under Hepliaklqana
 12584 | D:9      | Remembered your ancestor Onion as a knight
 12615 | D:9      | Reached skill level 10 in Fighting
 12803 | D:9      | Reached XP level 11. HP: 91/106 MP: 21/24
 12883 | D:9      | Found a staircase to the Orcish Mines.
 12914 | D:9      | Reached skill level 5 in Dodging
 13485 | D:10     | Entered Level 10 of the Dungeon
 13505 | D:10     | Reached skill level 10 in Spellcasting
 13642 | D:10     | Found a broken altar of Ashenzari.
 13726 | D:10     | Reached skill level 1 in Invocations
 14272 | D:11     | Noticed a cyclops
 14286 | D:10     | Killed a cyclops
 14379 | D:11     | Noticed a cyclops
 14385 | D:11     | Noticed a cyclops
 14429 | D:11     | Killed a cyclops
 14434 | D:11     | Killed a cyclops
 14568 | D:11     | Identified the ring "Xuva Woso" {+Blink rElec EV+4 Str+3}
 14689 | D:11     | Identified the +2 pair of boots of Devotion {Int+2 Dex+4}
 14721 | D:11     | Reached skill level 1 in Necromancy
 14944 | D:11     | Reached *** piety under Hepliaklqana
 15025 | D:11     | Found a staircase to the Lair.
 15218 | D:11     | You fall into a shaft and drop 2 floors!
 15227 | D:13     | Found a transporter.
 15287 | D:13     | Noticed a centaur warrior
 15302 | D:13     | Killed a centaur warrior
 15324 | D:13     | Learned a level 4 spell: Anguish
 15352 | D:13     | Found a transporter.
 15372 | D:13     | Noticed a boulder beetle
 15381 | D:13     | Killed a boulder beetle
 15416 | D:13     | Noticed a centaur warrior
 15428 | D:13     | Killed a centaur warrior
 15429 | D:13     | Reached XP level 12. HP: 99/117 MP: 5/26
 15637 | D:12     | Noticed a boulder beetle
 15649 | D:12     | Killed a boulder beetle
 16017 | D:12     | Found a runed translucent gate.
 16018 | D:12     | Found a runed translucent gate.
 16018 | D:12     | Noticed an acid blob
 16019 | D:12     | Found a runed translucent gate.
 16019 | D:12     | Noticed an azure jelly
 16021 | D:12     | Noticed an azure jelly
 16021 | D:12     | Noticed an azure jelly
 16021 | D:12     | Noticed an acid blob
 16021 | D:12     | Noticed a rockslime
 16021 | D:12     | Noticed bearfacebrad's ghost (adept HuFi)
 16021 | D:12     | Noticed an azure jelly
 16022 | D:12     | Noticed an azure jelly
 16034 | D:12     | Reached **** piety under Hepliaklqana
 16260 | D:12     | Noticed Snorg
 16279 | D:12     | Killed Snorg
 16280 | D:12     | Reached skill level 5 in Hexes
 16391 | D:12     | Noticed Erolcha
 16413 | D:12     | Killed Erolcha
 16883 | D:12     | Found a viscous altar of Jiyva.
 16992 | D:13     | Noticed a boulder beetle
 17003 | D:13     | Killed a boulder beetle
 17108 | D:13     | Reached skill level 5 in Necromancy
 17334 | D:13     | Reached XP level 13. HP: 108/125 MP: 19/29
 17371 | D:13     | Found a gate to the Vaults.
 17371 | D:13     | Noticed a vault guard
 17377 | D:13     | Killed a vault guard
 17483 | D:13     | Noticed an acid blob
 17486 | D:13     | Noticed an acid blob
 17951 | Lair:1   | Entered Level 1 of the Lair of Beasts
 18051 | Lair:1   | Found a snail-covered altar of Cheibriados.
 18087 | Lair:1   | Reached skill level 1 in Transmutations
 18087 | Lair:1   | Reached skill level 1 in Earth Magic
 18534 | Lair:1   | Noticed Maggie
 18540 | Lair:1   | Killed Maggie
 19099 | Lair:2   | Found a hole to the Spider Nest.
 19186 | Lair:2   | Reached ***** piety under Hepliaklqana
 19980 | Lair:2   | Noticed Gastronok
 19990 | Lair:2   | Killed Gastronok
 20137 | Lair:2   | Learned a level 6 spell: Statue Form
 20157 | Lair:2   | Reached skill level 5 in Transmutations
 20157 | Lair:2   | Reached skill level 5 in Earth Magic
 20958 | Lair:3   | Reached XP level 14. HP: 123/133 MP: 28/30
 21653 | Lair:4   | Noticed Sonja
 21662 | Lair:4   | Killed Sonja
 21866 | Lair:4   | Reached ****** piety under Hepliaklqana
 22149 | Lair:4   | Found a staircase to the Swamp.
 23431 | Lair:5   | You fall into a shaft and drop 1 floor!
 23431 | Lair:6   | Entered Level 6 of the Lair of Beasts
 23487 | Lair:6   | Reached XP level 15. HP: 23/140 MP: 8/31
 24187 | Lair:5   | Reached skill level 10 in Earth Magic
 24907 | Lair:6   | Got Taruff's Collected Works on Changing and the Escort
 25748 | Lair:6   | Found a viscous altar of Jiyva.
 25748 | Lair:6   | Found a staircase to the Slime Pits.
 26040 | Lair:6   | Learned a level 6 spell: Death Channel
 26045 | Lair:6   | Learned a level 4 spell: Dispel Undead
 26267 | Orc:1    | Entered Level 1 of the Orcish Mines
 26306 | Orc:1    | Found Jyorrunath's Weapon Shop.
 26333 | Orc:1    | Found Nocriaso's Antique Weapon Boutique.
 26466 | Orc:1    | Found a large runed translucent door.
 26466 | Orc:1    | Found a large runed translucent door.
 26469 | Orc:1    | Noticed DrKleor's ghost (journeyman DsFi)
 26794 | Orc:1    | Killed DrKleor's ghost
 26848 | Orc:2    | Entered Level 2 of the Orcish Mines
 26848 | Orc:2    | Noticed Azrael
 26853 | Orc:2    | Killed Azrael
 26954 | Orc:2    | Found a staircase to the Elven Halls.
 27060 | Orc:2    | Reached skill level 10 in Summonings
 27973 | Orc:2    | Reached XP level 16. HP: 153/153 MP: 21/33
 28008 | Orc:2    | Found Heomaf's Magic Scroll Boutique.
 28013 | Orc:2    | Found Iremnops's Antique Armour Shoppe.
 28033 | Orc:2    | Found Xeckemyuk's Assorted Antiques.
 28040 | Orc:2    | Bought a scroll of teleportation for 36 gold pieces
 28045 | Orc:2    | Found Molabus's Distillery.
 28054 | Orc:2    | Bought a potion of brilliance for 52 gold pieces
 28265 | Orc:2    | Bought a dull robe for 182 gold pieces
 28265 | Orc:2    | Identified the +5 robe of Burning Creativity {rPois rF++
                  | Dex+5} (You bought it in a shop on level 2 of the Orcish
                  | Mines)
 28265 | Orc:2    | Bought a creamy pearl robe for 182 gold pieces
 28265 | Orc:2    | Identified the +0 robe "Omuajod" {Rampage rN+ Int+4} (You
                  | bought it in a shop on level 2 of the Orcish Mines)
 28283 | Orc:2    | Bought a runed scarf for 240 gold pieces
 28318 | Orc:2    | Learned a level 7 spell: Haunt
 29449 | D:15     | Entered Level 15 of the Dungeon
 29746 | D:15     | Found a staircase to the Depths.
 30348 | D:15     | Found a sacrificial altar of Ru.
 30351 | D:15     | Found a bloodstained altar of Trog.
 30351 | D:15     | Found a shimmering blue altar of Sif Muna.
 30353 | D:15     | Found a shimmering altar of Xom.
 30353 | D:15     | Found a snail-covered altar of Cheibriados.
 30353 | D:15     | Found a hide-covered altar of Uskayaw.
 30805 | Swamp:1  | Entered Level 1 of the Swamp
 30971 | Swamp:1  | Noticed a thorn hunter
 30974 | Swamp:1  | Reached skill level 1 in Shields
 30983 | Swamp:1  | Killed a thorn hunter
 31778 | Swamp:2  | Reached skill level 15 in Fighting
 31806 | Swamp:2  | Noticed a fenstrider witch
 31806 | Swamp:2  | Paralysed by a fenstrider witch for 2 turns
 31810 | Swamp:2  | Killed a fenstrider witch
 32241 | Swamp:2  | Noticed a tentacled monstrosity
 32248 | Swamp:2  | Reached XP level 17. HP: 96/165 MP: 19/35
 32253 | Swamp:2  | Killed a tentacled monstrosity
 32254 | Swamp:2  | Reached skill level 10 in Necromancy
 33569 | Swamp:4  | Entered Level 4 of the Swamp
 33765 | Swamp:4  | Noticed the 27-headed Lernaean hydra
 33772 | Swamp:4  | Killed the 27-headed Lernaean hydra
 34011 | Swamp:4  | Got a decaying rune of Zot
 34062 | Swamp:4  | Found a runed translucent gate.
 34062 | Swamp:4  | Found a runed translucent gate.
 34062 | Swamp:4  | Found a runed translucent gate.
 34078 | Swamp:4  | Noticed Feimod's ghost (adept SpEn)
 34149 | Swamp:4  | Killed Feimod's ghost
 34878 | Spider:1 | Entered Level 1 of the Spider Nest
 34909 | Spider:1 | Identified a scroll of acquirement
 34910 | Spider:1 | Acquired the +0 hat of the Butterfly {rPois rN+ Int+3
                  | Dex-4}
 35171 | Spider:1 | Reached XP level 18. HP: 173/173 MP: 23/36
 35955 | Spider:1 | Acquired 894 gold pieces
 36142 | Spider:2 | Reached skill level 15 in Summonings
 37548 | Spider:3 | Got Maenuwal's Incunabulum of Heat and Attacks
 38102 | Spider:3 | Identified the +7 battleaxe of the Equinox {vorpal, rC++
                  | rCorr Str-3}
 38165 | Spider:4 | Entered Level 4 of the Spider Nest
 38856 | Spider:4 | Reached XP level 19. HP: 163/180 MP: 0/37
 39026 | Spider:4 | Got a gossamer rune of Zot
 39037 | Spider:4 | Learned a level 9 spell: Dragon's Call
 39304 | Elf:1    | Entered Level 1 of the Elven Halls
 39360 | Elf:1    | Found the +14 obsidian axe {vorpal, Mesm Drain Fly SInv}
 39503 | Elf:1    | Cast into level 2 of the Abyss (a deep elf sorcerer)
 40044 | Abyss:2  | Noticed a bone dragon
 40050 | Elf:1    | Escaped the Abyss
 40424 | Elf:1    | Paralysed by an air elemental for 1 turns
 40521 | Elf:1    | Noticed Jorgrun
 40527 | Elf:1    | Killed Jorgrun
 40835 | Elf:1    | Got the Compendium of Companions
 40992 | Elf:1    | Noticed Asterion
 40997 | Elf:1    | Killed Asterion
 41200 | Elf:2    | Paralysed by an air elemental for 1 turns
 41204 | Elf:2    | Paralysed by an air elemental for 1 turns
 41426 | Elf:2    | Paralysed by an air elemental for 1 turns
 41824 | Elf:2    | Found a runed translucent gate.
 41825 | Elf:2    | Found a runed translucent gate.
 41825 | Elf:2    | Found a runed translucent gate.
 41902 | Elf:2    | Found a shimmering blue altar of Sif Muna.
 41925 | Elf:2    | Reached skill level 15 in Spellcasting
 43146 | Vaults:1 | Entered Level 1 of the Vaults
 43160 | Vaults:1 | Reached XP level 20. HP: 151/189 MP: 15/39
 43179 | Vaults:1 | Got the Tome of Earthen Dislocation
 43181 | Vaults:1 | Identified the ring "Higiq" {rPois rC- rCorr MP+9 Int+3}
 43281 | Vaults:1 | Found a flickering gateway to a bazaar.
 43293 | Bazaar   | Entered a bazaar
 43293 | Bazaar   | Found Reposyof's Antique Armour Shoppe.
 43293 | Bazaar   | Found Siotiwn's Antique Weapon Emporium.
 43301 | Bazaar   | Found Vuefiw's Armour Shoppe.
 43317 | Bazaar   | Found Yfeakh's Weapon Emporium.
 43541 | Vaults:1 | Cast into level 2 of the Abyss (a wizard)
 44107 | Vaults:1 | Escaped the Abyss
 45526 | Vaults:2 | Noticed Bai Suzhen
 45530 | Vaults:2 | Killed Bai Suzhen
 46653 | Vaults:2 | Found Luwygo's General Store.
 46671 | Vaults:2 | Bought a potion of invisibility for 120 gold pieces
 47199 | Vaults:3 | Found Mupluwie's Weapon Shoppe.
 47205 | Vaults:3 | Found a staircase to the Crypt.
 47336 | Vaults:3 | Reached XP level 21. HP: 176/196 MP: 41/41
 50198 | Vaults:4 | Found a portal to a secret trove of treasure.
 50430 | Vaults:5 | Entered Level 5 of the Vaults
 50433 | Vaults:5 | Noticed a golden dragon
 50433 | Vaults:5 | Noticed Frederick
 50437 | Vaults:5 | Reached XP level 22. HP: 88/207 MP: 25/43
 50597 | Vaults:5 | Killed a golden dragon
 50944 | Depths:1 | Entered Level 1 of the Depths
 51230 | Depths:1 | Found a gateway to Hell.
 51289 | Depths:1 | Found Nyfowuf's Antique Armour Boutique.
 51298 | Depths:1 | Bought a sheer robe for 222 gold pieces
 51298 | Depths:1 | Identified the +1 robe of the Clam {Fly rPois Dex+6} (You
                  | bought it in a shop on level 1 of the Depths)
 51332 | Depths:1 | Found Qeacidew's Magic Scroll Shop.
 51332 | Depths:1 | Found Murphecve's Antique Weapon Boutique.
 51334 | Depths:1 | Found Pokhle Tare's Antique Armour Shop.
 51364 | Depths:1 | Bought a runed hat for 231 gold pieces
 51364 | Depths:1 | Found Ticrareich's Distillery.
 51369 | Depths:1 | Bought a polished trident for 297 gold pieces
 51369 | Depths:1 | Identified the +11 trident of Ogopne {vorpal, Contam rN+
                  | Dex+2} (You bought it in a shop on level 1 of the Depths)
 51379 | Depths:1 | Bought a scroll of teleportation for 54 gold pieces
 51379 | Depths:1 | Bought a scroll of teleportation for 54 gold pieces
 51382 | Depths:1 | Bought a potion of heal wounds for 105 gold pieces
 51382 | Depths:1 | Bought a potion of heal wounds for 105 gold pieces
 51382 | Depths:1 | Bought a potion of heal wounds for 105 gold pieces
 51382 | Depths:1 | Bought a potion of haste for 210 gold pieces
 51549 | Depths:1 | Found a one-way gate leading to the halls of Pandemonium.
 52543 | Depths:2 | Found Eggiag's Assorted Antiques.
 52677 | Depths:2 | Found a one-way gate to the infinite horrors of the Abyss.
 53396 | Depths:3 | Noticed a golden dragon
 53401 | Depths:3 | Killed a golden dragon
 53551 | Depths:3 | Noticed a juggernaut
 53553 | Depths:3 | Noticed a juggernaut
 53558 | Depths:3 | Killed a juggernaut
 53564 | Depths:3 | Killed a juggernaut
 53571 | Depths:3 | Noticed a juggernaut
 53577 | Depths:3 | Killed a juggernaut
 53639 | Depths:3 | Reached XP level 23. HP: 217/222 MP: 39/46
 53805 | Depths:3 | Identified the ring of Nunoll {rC+ Dex+6}
 53814 | Depths:3 | Noticed a golden dragon
 53818 | Depths:3 | Killed a golden dragon
 53953 | Depths:3 | Found a sacrificial altar of Ru.
 54235 | Depths:4 | Entered Level 4 of the Depths
 54235 | Depths:4 | Noticed a golden dragon
 54239 | Depths:4 | Killed a golden dragon
 54413 | Depths:4 | Found a sparkling altar of Nemelex Xobeh.
 54543 | Depths:4 | Found a one-way gateway to a ziggurat.
 54729 | Depths:4 | Found a gate to the Realm of Zot.
 56005 | Elf:3    | Entered Level 3 of the Elven Halls
 56136 | Elf:3    | Found Hoawusa's Armour Shop.
 57052 | Elf:3    | Identified the ring of Raesope {Ice rPois}
 57052 | Elf:3    | Identified the +0 robe of the Fletcher {Drain rPois rF++
                  | Stlth+}
 57064 | Elf:3    | Found the +8 Vampire's Tooth {vamp}
 57076 | Elf:3    | Got the Papyrus of the Earthen Frostbite
 57077 | Elf:3    | Identified the +5 shortbow "Sotz" {speed, rC+}
 57081 | Elf:3    | Got Danon's Disquisition on Confrontation and Calling
 57084 | Elf:3    | Identified the amulet "Ydinn" {Reflect Will+ SH+5 Stlth+}
 57089 | Elf:3    | Identified the +7 lajatang "Killer Klown's Bane" {flame,
                  | rElec Int+5}
 57121 | Elf:3    | Identified the +9 dagger of Reason {freeze, rC+}
 58260 | Vaults:5 | Killed Frederick
 58267 | Vaults:5 | Reached skill level 10 in Dodging
 58270 | Vaults:5 | Reached XP level 24. HP: 165/238 MP: 7/47
 58437 | Vaults:5 | Noticed a dread lich
 58445 | Vaults:5 | Killed a dread lich
 58563 | Vaults:5 | Noticed a dread lich
 58569 | Vaults:5 | Killed a dread lich
 58672 | Vaults:5 | Paralysed by an ogre mage for 3 turns
 58701 | Vaults:5 | Noticed Mara
 58710 | Vaults:5 | Noticed freelancePsychic's illusion
 58711 | Vaults:5 | Killed Mara
 58737 | Vaults:5 | Noticed Saint Roka
 58754 | Vaults:5 | Killed Saint Roka
 58872 | Vaults:5 | Identified the ring "Seiliesk" {Fly rPois rN+ SInv Stlth-}
 59103 | Vaults:5 | Got the Grimoire of Evil
 59147 | Vaults:5 | Noticed an ancient lich
 59151 | Vaults:5 | Killed an ancient lich
 59441 | Vaults:5 | Got Lumuotholi's Almanac of Companions
 59531 | Vaults:5 | Reached skill level 1 in Staves
 59612 | Vaults:5 | Reached skill level 1 in Evocations
 59809 | Vaults:5 | Got a silver rune of Zot
 59812 | Vaults:5 | Identified the +0 buckler "Nuzxel" {rC+}
 59962 | Vaults:5 | Cast into level 2 of the Abyss (a deep elf demonologist)
 60547 | Vaults:5 | Escaped the Abyss
 60592 | Vaults:5 | Identified the ring "Dybbo" {Fly Will+}
 60643 | Vaults:5 | Noticed Sojobo
 60654 | Vaults:5 | Killed Sojobo
 61199 | Vaults:4 | You paid a toll of 15 scrolls of teleportation to enter a
                  | treasure trove
 61200 | Trove    | Entered a treasure trove
 61534 | Zot:1    | Entered Level 1 of the Realm of Zot
 61543 | Zot:1    | Reached skill level 5 in Staves
 61825 | Zot:1    | Reached skill level 5 in Evocations
 61825 | Zot:1    | Reached XP level 25. HP: 250/252 MP: 27/48
 62659 | Zot:3    | Lost dexterity.
 62751 | Zot:3    | Noticed a Killer Klown
 62754 | Zot:3    | Killed a Killer Klown
 63359 | Zot:5    | Entered Level 5 of the Realm of Zot
 63692 | Zot:5    | HP: 11/252 [electric golem (6)]
 63692 | Zot:5    | HP: 5/252 [electric golem (6)]
 63692 | Zot:5    | HP: 2/252 [electric golem (3)]
 63693 | Zot:5    | Killed from afar by an acid blob

Illustrated notes

Levels and vault maps discovered:
D:1:      dpeg_arrival_tiny_c, layout_rooms, chequers_serial_rivers_room_b
D:2:      layout_loops_ring, serial_shops, nicolae_shop_bloodbath_and_beyond
D:3:      layout_loops_corners, serial_shops, nicolae_shop_behind_doors
D:4:      layout_basic
D:5:      layout_basic, minmay_crossroads, uniq_grinder
D:6:      layout_basic, minmay_temple_entry_tees, centaur_isle
D:7:      nicolae_cairo_tiling_very_big, layout_basic, hangedman_decor_riveting,
          supply_closet_lemuel, minmay_misc_feat_square
D:8:      layout_basic, enter_bailey_4
D:9:      layout_basic, orc_0_dummy
D:10:     layout_rooms, ashenzari_altar_1
D:11:     minmay_spotlight, layout_gridville, david_lair_shrubbed,
          grunt_ministairs_5, minmay_mirror_moons_of_madness
D:12:     layout_stronghold, gammafunk_ghost_ooze, uniq_erolcha, uniq_snorg
D:13:     gammafunk_cloud_chamber, layout_loops_cross, grunt_vaults_entry_tiered
D:14:     layout_roguey
D:15:     grunt_enter_depths_hoard, layout_basic, kennysheep_doodads,
          doesnt_xom_only_xom
Temple:   regret_index_temple_sigil_plot
Lair:1:   layout_hall_layers, serial_rivers, chequers_serial_rivers_micro_d,
          chequers_serial_rivers_room_a, chequers_serial_rivers_micro_d,
          chequers_serial_rivers_micro_d, chequers_serial_rivers_micro_d,
          chequers_serial_rivers_micro_e, kennysheep_snail_temple, uniq_maggie
Lair:2:   lemuel_reptile_caves, layout_long_grid, spider_nest_entry_webs,
          serial_bayou_lagoon_b, uniq_gastronok
Lair:3:   layout_long_grid
Lair:4:   layout_cave_pods, palyth_hydra_swamp_entry, nicolae_lair_lindhole,
          uniq_sonja
Lair:5:   layout_layer_cave, serial_rivers, chequers_serial_rivers_room_a,
          chequers_serial_rivers_small_a, chequers_serial_rivers_room_b,
          chequers_serial_rivers_marsh, chequers_serial_rivers_micro_b
Lair:6:   hangedman_lair_in_review, layout_cave_pods,
          dpeg_slime_entry_enclosed_altar, grunt_megastairs_2
Swamp:1:  layout_basic_swamp, evilmike_swamp_ruin_house_1
Swamp:2:  layout_falls_marsh, hangedman_swamp_lotus, swamp_pool5,
          nicolae_swamp_necromancer_hut
Swamp:3:  layout_falls_marsh, hangedman_swamp_ruin_wall, swamp_pool1,
          infiniplex_staircase_pool_2
Swamp:4:  swamp_alternative, layout_basic_swamp, ebering_ghost_rock_garden,
          nicolae_swamp_snake_nest
Spider:1: layout_cave_pods, drop_trap, hangedman_spider_tarantella_strand
Spider:2: layout_spider_delve, hive_lemuel
Spider:3: layout_spider_delve
Spider:4: grunt_spider_rune_circles, spiders_nest_ghost_moth_duel
Orc:1:    layout_diamond_mine, ebering_ghost_disaster_area, serial_shops,
          nicolae_shop_trees, nicolae_shop_waterfront
Orc:2:    st_orc_elflike, layout_diamond_mine, elves_outpost_lemuel, uniq_azrael
Elf:1:    layout_geoelf_diagonals, minmay_elf_sorcery,
          dreamdust_deal_with_the_devil, grunt_megastairs_1, uniq_asterion,
          uniq_jorgrun
Elf:2:    nicolae_elf_blades_crystal_corner, layout_gridlike, basic_altar,
          serial_sigils_hangedman_etch, st_stairs_7
Elf:3:    minmay_elf_hall_statues, layout_geoelf_castle, serial_shops, shop,
          serial_corexii_hall, corexii_hall_statues_deadend,
          corexii_hall_statues_x
Vaults:1: hangedman_vaults_nails, vaults_standard_mumra_enter_the_diamond,
          nicolae_vaults_little_squares_3, v_misc_5, v_misc_10,
          vaults_room_hangedman_quadrants, ontoclasm_vaults_twist,
          ontoclasm_vaults_shuriken, nicolae_vaults_twisting_passages,
          v_alt_pattern_1, vaults_room_door_hall,
          nicolae_vaults_little_squares_6, vaults_room_pools,
          layout_vaults_ring, serial_shops, bzr_in_the_mist
Vaults:2: ontoclasm_vaults_bender, nicolae_vaults_network_periphery, v_rooms_3,
          nicolae_vaults_three_branches, vaults_dpeg_spiral, v_misc_23,
          vaults_mumra_hex, serial_ice_b, nicolae_vaults_yaktaur_gun_rack,
          layout_vaults_omnigrid, serial_shops, nicolae_shop_stone,
          uniq_bai_suzhen
Vaults:3: nicolae_vaults_stairing_the_circle, vaults_room_large_hall,
          vaults_mumra_chevron, v_misc_30, v_alt_pattern_4, v_misc_9,
          hangedman_vaults_locks, v_misc_8, serial_ice_m,
          nicolae_vaults_alarming, layout_vaults_big_room, serial_shops,
          nicolae_square_shop
Vaults:4: v_misc_22, nicolae_vaults_circle_grid_a, grunt_vaults_bifocal,
          hangedman_vaults_stream, ontoclasm_vaults_chip,
          ontoclasm_vaults_pinch, nicolae_vaults_little_squares_3, v_misc_8,
          ontoclasm_vaults_hangar, layout_vaults_omnicross,
          nicolae_trove_entry_path_of_doom
Vaults:5: uniq_mara, uniq_sojobo, uniq_saint_roka, uniq_frederick
Depths:1: layout_cave_shapes, serial_shops, nicolae_diamond_shop,
          minmay_fountain_box, grunt_pan_entry_zigzag, pf_hell_entry_tar_river,
          lightli_fourway_metalbox, minmay_shoptagon,
          infiniplex_staircase_pool_lava
Depths:2: minmay_dotted_concentric_squares, layout_twisted_cross, serial_shops,
          nicolae_shop_stone, hell_entry, pan_entry, abyss_entry_glasseish,
          serial_sigils_hangedman_snap, st_stairs_6, minmay_misc_feat_room
Depths:3: minmay_three_patterns, layout_gridlike, hell_entry, abyss_entry,
          nicolae_ru_sacrificial_ziggurat, kennysheep_generic_room_9,
          infiniplex_staircase_star
Depths:4: evilmike_zot_entry_argh, layout_gridlike, enter_ziggurat_c,
          nemelex_lonely_heart_becter, minmay_room_of_horrors,
          hangedman_geh_valley
Zot:1:    layout_misc_corridors
Zot:2:    layout_gridlike, zot_minivault_1
Zot:3:    layout_misc_corridors
Zot:4:    lemuel_acid_trip, layout_concentric_octagons
Zot:5:    layout_basic

Skill      XL: |  1  2  3  4  5  6  7  8  9 10 11 12 13 14 15 16 17 18 19 20 21 22 23 24 25 |
---------------+----------------------------------------------------------------------------+-----
Summonings     | 4 5 6 7 8 9 10 11 14 17 19 21 22 23 | 23.6
Spellcasting   | 3 4 5 6 7 9 10 12 13 14 15 16 17 19 20 21 23 | 23.3
Hexes          | 1 2 3 6 |  6.9
Fighting       | 2 3 5 7 10 11 13 15 18 20 21 | 21.7
Air Magic      | 1 2 3 5 6 |  6.0
Dodging        | 2 4 6 7 10 | 10.8
Invocations    | 3 4 |  4.6
Necromancy     | 2 5 6 7 9 11 | 11.7
Transmutations | 5 9 |  9.9
Earth Magic    | 5 9 10 | 10.0
Shields        | 1 |  1.7
Staves         | 6 8 |  8.3
Evocations     | 5 6 |  6.3
Stealth        | |  1.4

Action                   |  1- 3 |  4- 6 |  7- 9 | 10-12 | 13-15 | 16-18 | 19-21 | 22-24 | 25-27 || total
-------------------------+-------+-------+-------+-------+-------+-------+-------+-------+-------++-------
Melee: Dagger            |    67 |    12 |    92 |   131 |       |       |       |       |       ||   302
       Punch             |     2 |       |     1 |       |       |       |       |       |       ||     3
       Short sword       |       |    25 |       |       |       |       |       |       |       ||    25
       Staff             |       |       |       |    10 |   351 |   151 |   218 |   129 |    12 ||   871
 Cast: Summon Small Mamm |    48 |       |     3 |       |     4 |       |     1 |       |       ||    56
       Call Canine Famil |     1 |    16 |    46 |     6 |     5 |       |       |       |       ||    74
       Summon Guardian G |       |     7 |    46 |    46 |    51 |    21 |     1 |       |       ||   172
       Summon Lightning  |       |       |    23 |    37 |    47 |    20 |     1 |       |       ||   128
       Anguish           |       |       |       |    41 |   214 |   181 |   172 |   119 |    23 ||   750
       Statue Form       |       |       |       |       |    19 |    56 |    28 |    22 |    11 ||   136
       Dispel Undead     |       |       |       |       |     4 |    11 |    10 |    18 |       ||    43
       Death Channel     |       |       |       |       |       |    42 |    58 |    42 |     8 ||   150
       Haunt             |       |       |       |       |       |    18 |    98 |    43 |    11 ||   170
       Dragon's Call     |       |       |       |       |       |       |     8 |    42 |    12 ||    62
Invok: Ancestor Identity |       |       |     1 |       |       |       |       |       |       ||     1
       Ancestor Life: Kn |       |       |       |     1 |       |       |       |       |       ||     1
       Recall Ancestor   |       |       |       |     1 |     1 |     3 |     6 |     8 |       ||    19
       Transference      |       |       |       |       |       |     1 |       |       |       ||     1
       Idealise          |       |       |       |       |       |       |     3 |       |     3 ||     6
 Abil: End Transformatio |       |       |       |       |     1 |     1 |     5 |       |     2 ||     9
Evoke: Wand              |       |       |       |       |       |     1 |       |       |     1 ||     2
  Use: Scroll            |     2 |     1 |     6 |     7 |    15 |    11 |     5 |     8 |    10 ||    65
       Potion            |       |       |     2 |     1 |     3 |     2 |     6 |     8 |       ||    22
 Stab: Sleeping          |       |     1 |       |       |       |       |       |       |       ||     1
       Petrified         |       |       |       |       |     4 |       |       |       |       ||     4
       Petrifying        |       |       |       |       |     1 |       |       |       |       ||     1
       Distracted        |       |       |       |       |       |     3 |     2 |     2 |       ||     7
Armor: Robe              |    21 |    24 |    51 |    15 |       |       |       |       |       ||   111
       Skin              |       |       |       |     1 |   164 |   526 |   116 |   141 |    26 ||   974
       Troll leather arm |       |       |       |    33 |   106 |    22 |    49 |    49 |    11 ||   270
Dodge: Dodged            |    58 |    22 |    69 |   148 |   525 |   655 |   374 |   237 |    38 ||  2126

Table legend: (Time is in decaauts)
 A = Elapsed time spent in this place.
 B = Non-inter-level travel time spent in this place.
 C = Inter-level travel time spent in this place.
 D = Time resting spent in this place.
 E = Time spent auto-exploring this place.
 F = Levels seen in this place.
 G = Mean time per level.
                   A        B        C        D        E       F      G
               +--------+--------+--------+--------+--------+-----+--------+
         Total |  67847 |  63471 |   4376 |   4063 |  45314 |  55 | 1233.6 |
       Dungeon |  20706 |  18940 |   1766 |   1480 |  13393 |  15 | 1380.4 |
        Temple |    101 |     91 |     10 |      0 |     16 |   1 |  101.0 |
          Lair |   8961 |   8401 |    560 |    249 |   6653 |   6 | 1493.5 |
         Swamp |   4702 |   4479 |    223 |    166 |   3394 |   4 | 1175.5 |
   Spider Nest |   5044 |   4867 |    177 |    279 |   3415 |   4 | 1261.0 |
  Orcish Mines |   2447 |   2139 |    308 |    169 |   1466 |   2 | 1223.5 |
   Elven Halls |   5224 |   5034 |    190 |    384 |   3533 |   3 | 1741.3 |
        Vaults |  10218 |   9631 |    587 |    261 |   7353 |   5 | 2043.6 |
        Depths |   5374 |   4929 |    445 |    425 |   3685 |   4 | 1343.5 |
           Zot |   2325 |   2218 |    107 |    488 |    986 |   5 |  465.0 |
         Abyss |   1893 |   1893 |      0 |      4 |    931 |   3 |  631.0 |
        Bazaar |     40 |     40 |      0 |      0 |     28 |   1 |   40.0 |
         Trove |     52 |     52 |      0 |      0 |      5 |   1 |   52.0 |
        Bailey |    753 |    753 |      0 |    156 |    453 |   1 |  753.0 |
               +--------+--------+--------+--------+--------+-----+--------+

Top non-repeatable levels by time:
     D:6: 2787 daAuts
Vaults:4: 2459 daAuts
Vaults:5: 2389 daAuts
   Elf:2: 2016 daAuts
Vaults:2: 1997 daAuts
  Lair:6: 1976 daAuts
 Abyss:2: 1893 daAuts
Spider:1: 1805 daAuts
  Lair:4: 1784 daAuts
Depths:4: 1715 daAuts
Vaults:3: 1712 daAuts
    D:15: 1673 daAuts
Vaults:1: 1658 daAuts
  Lair:2: 1657 daAuts
     D:7: 1630 daAuts
